 Dungeon Crawl Stone Soup version 0.31-a0-700-gf13585253f (webtiles) character file.

Game seed: 10324460417061676812

111 qw the Shooter (level 4, -1/28 HPs)
             Began as a Gargoyle Hunter on Sept 7, 2023.
             Slain by Sigmund
             ... wielding a +0 scythe of protection
              (4 damage)
             ... on level 3 of the Dungeon.
             The game lasted 00:00:34 (1400 turns).

qw the Shooter (Gargoyle Hunter)                    Turns: 1400, Time: 00:00:34

Health: -1/28      AC:  6    Str: 14    XL:     4   Next: 92%
Magic:  4/4        EV: 11    Int: 10    God:
Gold:   72         SH:  0    Dex: 15    Spells: 3/3 levels left

rFire   . . .        Y - +0 shortbow
rCold   . . .        (shield currently unavailable)
rNeg    + . .        c - +0 leather armour
rPois   inf          (no helmet)
rElec   +            (no cloak)
rCorr   .            (no gloves)
SInv    .            (no boots)
Will    .....        b - amulet of the acrobat
Stlth   ++           (no ring)
HPRegen 0.24/turn    (no ring)
MPRegen 0.09/turn

%: acrobat
@: no status effects
A: sickness immunity, AC +3, negative energy resistance 1, electricity
resistance, torment resistance 1, petrification resistance
a: no special abilities


You were on level 3 of the Dungeon.
You visited 1 branch of the dungeon, and saw 3 of its levels.

You collected 72 gold pieces.


Innate Abilities, Weirdness & Mutations

You are immune to sickness and miasma.
Your stone body is resilient. (AC +3)
You are immune to poison.
You resist negative energy. (rN+)
You are resistant to electric shocks. (rElec)
You are resistant to unholy torment.
You are immune to petrification.


   Skills:
 - Level 3.0 Fighting
 + Level 5.7 Ranged Weapons
 - Level 1.5 Dodging
 - Level 1.1 Stealth


You had 3 spell levels left.
You didn't know any spells.
Your spell library was empty.

Inventory:

Hand Weapons
 Y - a +0 shortbow (weapon)
Armour
 c - a +0 leather armour (worn)
Jewellery
 b - an amulet of the acrobat (around neck)
Potions
 a - a potion of magic {unknown}
 e - a potion of cancellation
 g - 2 potions of curing {unknown}

Dungeon Overview and Level Annotations

Branches:
Dungeon (3/15)

Altars:

Annotations:
D:3 Sigmund


Message History

Something hits you.
You shoot an arrow. You shoot an arrow.
You hear some strange, mumbled words.
Something tries to affect you, but you resist.
You shoot an arrow.
You feel less confused.
You hear some strange, mumbled words.
Something tries to affect you, but you resist.
Something barely misses you.
You shoot an arrow. You shoot an arrow. Something hits you but does no damage.
You shoot an arrow.
You hear some strange, mumbled words.
A puff of flame appears from out of thin air!
The puff of flame hits you.
You shoot an arrow. Something hits you!
You shoot an arrow. Something hits you.
You shoot an arrow. You shoot an arrow. Something hits you.
You shoot an arrow. Something hits you but does no damage.
You shoot an arrow. Something hits you.
You shoot an arrow. You shoot an arrow.
You hear some strange, mumbled words.
A puff of flame appears from out of thin air!
The puff of flame misses you.
You shoot an arrow. Something hits you but does no damage.
You shoot an arrow. Something hits you but does no damage.
You shoot an arrow. Something hits you.
You die...

#.#.. #.#.#.# #.#.#.#
#.#.#.# ###.#.#.##
####.........
#........#.#.
.###########.#..........
.....{.@............#.#.
..############.%........
#.#...##.## #.##.###.#
##### #.##.# #.#
#...###.##.# #.#
#.......##.# #..
#...######.# . ##.## #.#


There were no monsters in sight!

Vanquished Creatures
  Natasha (D:2)
  3 gnolls (D:2)
  2 adders
  A worm (D:2)
  A dart slug (D:2)
  2 endoplasms (D:1)
  3 giant cockroaches
  2 hobgoblins (D:1)
  4 kobolds
  A quokka (D:1)
  5 ball pythons
  6 bats
  2 frilled lizards
  3 rats (D:1)
36 creatures vanquished.

Notes
Turn   | Place    | Note
-------+----------+-------------------------------------------
     0 | D:1      | qw the Gargoyle Hunter began the quest for the Orb.
     0 | D:1      | Reached XP level 1. HP: 12/12 MP: 1/1
     0 | D:1      | 0 ||| qw: Version: 0.3-a-76-g4403597
     0 | D:1      | 0 ||| qw: Game counter: 473
     0 | D:1      | 0 ||| qw: Melee chars always use a shield: true
     0 | D:1      | 0 ||| qw: God list: Okawaru
     0 | D:1      | 0 ||| qw: Allow faded altars: false
     0 | D:1      | 0 ||| qw: Do Orc after clearing Dungeon:15 true
     0 | D:1      | 0 ||| qw: Do second Lair branch before Depths: true
     0 | D:1      | 0 ||| qw: Lair rune preference: random
     0 | D:1      | 0 ||| qw: Goals: Normal
     0 | D:1      | 0 ||| PLANNING D:1-11
    69 | D:1      | Reached XP level 2. HP: 17/17 MP: 2/2
   145 | D:1      | Found a faded altar of an unknown god.
   376 | D:1      | 376 ||| DROPPING amulet of magic regeneration.
   377 | D:1      | 377 ||| READING scroll labelled IZXIOR WAQAYP.
   380 | D:1      | 380 ||| DROPPING scroll of butterflies.
   423 | D:2      | 423 ||| Stepping ~*~*~tactically~*~*~ (retreating).
   428 | D:2      | 428 ||| Stepping ~*~*~tactically~*~*~ (retreating).
   429 | D:2      | 429 ||| Stepping ~*~*~tactically~*~*~ (retreating).
   432 | D:2      | Reached skill level 5 in Ranged Weapons
   432 | D:2      | Reached XP level 3. HP: 15/21 MP: 3/3
   516 | D:2      | Reached skill level 3 in Fighting
   722 | D:2      | Reached XP level 4. HP: 28/28 MP: 4/4
   997 | D:2      | Noticed Natasha
  1002 | D:2      | Killed Natasha
  1298 | D:2      | 1298 ||| UPGRADING to amulet of the acrobat.
  1303 | D:2      | 1303 ||| READING scroll labelled MITWAD ISINN.
  1304 | D:2      | 1304 ||| READING scroll labelled PAAG FEFRAOPI.
  1305 | D:2      | 1305 ||| READING scroll labelled QOLYN JOCWU.
  1306 | D:2      | 1306 ||| DRINKING 2 brown potions.
  1307 | D:2      | 1307 ||| DRINKING 2 fuming orange potions.
  1308 | D:2      | 1308 ||| DROPPING potion of invisibility.
  1373 | D:3      | Noticed Sigmund
  1393 | D:3      | HP: 5/28 [something (4)]
  1395 | D:3      | HP: 1/28 [something (4)]
  1400 | D:3      | Slain by Sigmund

Levels and vault maps discovered:
D:1:      lightli_arrival_quake, layout_rooms,
          shapermc_ecumenical_altar_rom_forum
D:2:      layout_basic, uniq_natasha
D:3:      layout_loops_ring, uniq_sigmund

Skill      XL: |  1  2  3 |
---------------+----------+-----
Ranged Weapons | 5 |  5.7
Fighting       | 3 |  3.0
Dodging        | |  1.5
Stealth        | |  1.1

Action                     |  1- 3 |  4- 6 || total
---------------------------+-------+-------++-------
   Fire: Shortbow          |    70 |    64 ||   134
    Use: Scroll            |     1 |     3 ||     4
         Potion            |       |     2 ||     2
 Armour: Leather armour    |    12 |    26 ||    38
  Dodge: Dodged            |    17 |     8 ||    25

Table legend:
 A = Non-vault XP
 B = Vault XP
 C = Vault XP percentage of total XP
 D = Non-vault monster count
 E = Vault monster count
 F = Vault count percentage of total count
                 A         B        C        D         E       F
            +---------+---------+-------+---------+---------+-------
      Total |     124 |      35 |  22.0 |      35 |       1 |   2.8
            +---------+---------+-------+---------+---------+-------
        D:1 |      31 |       0 |   0.0 |      20 |       0 |   0.0
        D:2 |      75 |      35 |  31.8 |      12 |       1 |   7.7
        D:3 |      18 |       0 |   0.0 |       3 |       0 |   0.0
            +---------+---------+-------+---------+---------+-------
